MID
DAYTON DRAGONS @ AUGUSTA GREENJACKETS
05/10/2049
 
TOP OF THE 1ST
Dayton Dragons batting - Pitching for Augusta GreenJackets : LHP Bobby Storey
Pitching: LHP Bobby Storey
Batting: RHB Toki Takeuchi 0-0: Called Strike
0-1: Fly out, F7 (Line Drive, 78M, EV 103.1 MPH)
Batting: RHB Alex Villagomez 0-0: Called Strike
0-1: Ball
1-1: Swinging Strike
1-2: Strikes out looking
Batting: SHB Jaivata Mohanty 0-0: Ball
1-0: Foul Ball, location: 2F
1-1: Foul Ball, location: 2F
1-2: Ball
2-2: Ball
3-2: Foul Ball, location: 2F
3-2: Foul Ball, location: 2F
3-2: SINGLE (Groundball, 6M, EV 106.2 MPH)
Batting: RHB Alex Juarez 0-0: Called Strike
0-1: Swinging Strike
0-2: Foul Ball, location: 2F
0-2: Ball
1-2: Strikes out looking
Top of the 1st over - 0 runs, 1 hit, 0 errors, 1 left on base; Dayton 0 - Augusta 0
BOTTOM OF THE 1ST
Augusta GreenJackets batting - Pitching for Dayton Dragons : RHP Jalen Patterson
Pitching: RHP Jalen Patterson
Batting: RHB Armando Ramirez 0-0: Ball
1-0: Called Strike
1-1: Swinging Strike
1-2: Strikes out looking
Batting: RHB Frank Pena 0-0: Ball
1-0: Ball
2-0: Called Strike
2-1: Foul Ball, location: 2F
2-2: Ball
3-2: Base on Balls
Batting: LHB Sam Ogg 0-0: Ball
Frank Pena is caught stealing 2nd base 2-6
1-0: TRIPLE (Line Drive, 89XD, EV 103.8 MPH)
Batting: LHB Oscar Tamayo 0-0: Ball
1-0: Called Strike
1-1: DOUBLE (Line Drive, 5D, EV 99.4 MPH)
Sam Ogg scores
Batting: LHB Bruce Arvizu 0-0: Foul Ball, location: 2F
0-1: SINGLE (Groundball, 56, EV 101.2 MPH) (infield hit)
Oscar Tamayo to third
Batting: RHB Peter Croston 0-0: Foul Ball, location: 2F
0-1: Called Strike
0-2: Ball
1-2: Ball
2-2: Strikes out looking
Bottom of the 1st over - 1 run, 3 hits, 0 errors, 2 left on base; Dayton 0 - Augusta 1
TOP OF THE 2ND
Dayton Dragons batting - Pitching for Augusta GreenJackets : LHP Bobby Storey
Batting: RHB Logan Johnson 0-0: Called Strike
0-1: Foul Ball, location: 2F
0-2: Strikes out swinging
Batting: LHB Chris Redhead 0-0: Ball
1-0: Ball
2-0: Ground out 6-3 (Groundball, 4MS, EV 66.2 MPH)
Batting: RHB Gabriel Arias 0-0: Ball
1-0: Foul Ball, location: 2F
1-1: Swinging Strike
1-2: Foul Ball, location: 2F
1-2: Ball
2-2: Foul Ball, location: 2F
2-2: Foul Ball, location: 2F
2-2: Strikes out swinging
Top of the 2nd over - 0 runs, 0 hits, 0 errors, 0 left on base; Dayton 0 - Augusta 1
BOTTOM OF THE 2ND
Augusta GreenJackets batting - Pitching for Dayton Dragons : RHP Jalen Patterson
Batting: RHB Justin Baldwin 0-0: Called Strike
0-1: Ball
1-1: Ball
2-1: Fly out, F4 (Popup, 4D, EV 71.9 MPH)
Batting: RHB Gary Sampson 0-0: Ball
1-0: Ball
2-0: Ball
3-0: Called Strike
3-1: Foul Ball, location: 2F
3-2: Ground out 1-3 (Groundball, 34S, EV 72.5 MPH)
Batting: LHB Gil Caraveo 0-0: Ball
1-0: Called Strike
1-1: Swinging Strike
1-2: Ball
2-2: Ground out U3 (Groundball, 3L, EV 98.8 MPH)
Bottom of the 2nd over - 0 runs, 0 hits, 0 errors, 0 left on base; Dayton 0 - Augusta 1
TOP OF THE 3RD
Dayton Dragons batting - Pitching for Augusta GreenJackets : LHP Bobby Storey
Batting: LHB Elias Posada 0-0: Ball
1-0: Called Strike
1-1: Ball
2-1: Swinging Strike
2-2: Strikes out swinging
Batting: RHB John Hopkins 0-0: Ball
1-0: Ball
2-0: Ball
3-0: Called Strike
3-1: Bunt for hit to 23 - play at first, batter OUT! 3-4
Batting: RHB Toki Takeuchi 0-0: Swinging Strike
0-1: Ball
1-1: Ground out 6-3 (Groundball, 6, EV 108.1 MPH)
Top of the 3rd over - 0 runs, 0 hits, 0 errors, 0 left on base; Dayton 0 - Augusta 1
BOTTOM OF THE 3RD
Augusta GreenJackets batting - Pitching for Dayton Dragons : RHP Jalen Patterson
Batting: RHB Armando Ramirez 0-0: Ground out 6-3 (Groundball, 56, EV 75.6 MPH)
Batting: RHB Frank Pena 0-0: Called Strike
0-1: Called Strike
0-2: Strikes out swinging
Batting: LHB Sam Ogg 0-0: Ball
1-0: Ball
2-0: Foul Ball, location: 2F
2-1: Fly out, F7 (Flyball, 7, EV 88.1 MPH)
Bottom of the 3rd over - 0 runs, 0 hits, 0 errors, 0 left on base; Dayton 0 - Augusta 1
TOP OF THE 4TH
Dayton Dragons batting - Pitching for Augusta GreenJackets : LHP Bobby Storey
Batting: RHB Alex Villagomez 0-0: Called Strike
0-1: Ball
1-1: Swinging Strike
1-2: Strikes out swinging
Batting: SHB Jaivata Mohanty 0-0: Ball
1-0: Ball
2-0: Called Strike
2-1: Fly out, F9 (Flyball, 9, EV 87.5 MPH)
Batting: RHB Alex Juarez 0-0: Ball
1-0: Swinging Strike
1-1: Called Strike
1-2: Strikes out swinging
Top of the 4th over - 0 runs, 0 hits, 0 errors, 0 left on base; Dayton 0 - Augusta 1
BOTTOM OF THE 4TH
Augusta GreenJackets batting - Pitching for Dayton Dragons : RHP Jalen Patterson
Batting: LHB Oscar Tamayo 0-0: Swinging Strike
0-1: Ball
1-1: Ball
2-1: Swinging Strike
2-2: Ball
3-2: Foul Ball, location: 2F
3-2: Base on Balls
Batting: LHB Bruce Arvizu 0-0: Fly out, F8 (Line Drive, 8RM, EV 85.6 MPH)
Batting: RHB Peter Croston 0-0: Called Strike
0-1: Hit by Pitch
Oscar Tamayo to second
Batting: RHB Justin Baldwin 0-0: Ball
1-0: Foul Ball, location: 2F
1-1: Ball
2-1: Foul Ball, location: 2F
2-2: Foul Ball, location: 2F
2-2: Grounds into double play, 4-6-3 (Groundball, 4, EV 78.8 MPH)
Bottom of the 4th over - 0 runs, 0 hits, 0 errors, 1 left on base; Dayton 0 - Augusta 1
TOP OF THE 5TH
Dayton Dragons batting - Pitching for Augusta GreenJackets : LHP Bobby Storey
Batting: RHB Logan Johnson 0-0: Ball
1-0: Foul Ball, location: 2F
1-1: Ball
2-1: Foul Ball, location: 2F
2-2: Strikes out looking
Batting: LHB Chris Redhead 0-0: Called Strike
0-1: Ball
1-1: Ground out 4-3 (Groundball, 34, EV 81.2 MPH)
Batting: RHB Gabriel Arias 0-0: Foul Ball, location: 2F
0-1: Swinging Strike
0-2: Ball
1-2: Foul Ball, location: 2F
1-2: Ground out 3-1 (Groundball, 34, EV 105.0 MPH)
Top of the 5th over - 0 runs, 0 hits, 0 errors, 0 left on base; Dayton 0 - Augusta 1
BOTTOM OF THE 5TH
Augusta GreenJackets batting - Pitching for Dayton Dragons : RHP Jalen Patterson
Batting: RHB Gary Sampson 0-0: Foul Ball, location: 2F
0-1: Ball
1-1: Ground out 4-3 (Groundball, 4, EV 101.9 MPH)
Batting: LHB Gil Caraveo 0-0: Called Strike
0-1: Called Strike
0-2: Ball
1-2: Ball
2-2: Ball
3-2: Foul Ball, location: 2F
3-2: Ground out U3 (Groundball, 3, EV 90.6 MPH)
Batting: RHB Armando Ramirez 0-0: Ball
1-0: Fly out, F7 (Flyball, 7S, EV 96.9 MPH)
Bottom of the 5th over - 0 runs, 0 hits, 0 errors, 0 left on base; Dayton 0 - Augusta 1
TOP OF THE 6TH
Dayton Dragons batting - Pitching for Augusta GreenJackets : LHP Bobby Storey
Batting: LHB Elias Posada 0-0: Ball
1-0: Ball
2-0: Foul Ball, location: 2F
2-1: Swinging Strike
2-2: Strikes out swinging
Batting: RHB John Hopkins 0-0: Foul Ball, location: 2F
0-1: Ball
1-1: Ball
2-1: Ball
3-1: Foul Ball, location: 2F
3-2: Foul Ball, location: 2F
3-2: Strikes out swinging
Batting: RHB Toki Takeuchi 0-0: Swinging Strike
0-1: Foul Ball, location: 2F
0-2: Foul Ball, location: 2F
0-2: Ball
1-2: DOUBLE (Groundball, 3D, EV 104.4 MPH)
Batting: RHB Alex Villagomez 0-0: Called Strike
0-1: Called Strike
0-2: Fly out, F9 (Flyball, 89D, EV 105.0 MPH)
Top of the 6th over - 0 runs, 1 hit, 0 errors, 1 left on base; Dayton 0 - Augusta 1
BOTTOM OF THE 6TH
Augusta GreenJackets batting - Pitching for Dayton Dragons : RHP Jalen Patterson
Batting: RHB Frank Pena 0-0: Ball
1-0: Ground out 4-3 (Groundball, 4, EV 91.9 MPH)
Batting: LHB Sam Ogg 0-0: Ball
1-0: Ball
2-0: Ball
3-0: Called Strike
3-1: Base on Balls
Pitching: LHP Haunani Moritiica
Batting: LHB Oscar Tamayo 0-0: Called Strike
0-1: Called Strike
0-2: Strikes out swinging
Batting: LHB Bruce Arvizu 0-0: Called Strike
0-1: Ground out U3 (Groundball, 3, EV 105.0 MPH)
Bottom of the 6th over - 0 runs, 0 hits, 0 errors, 1 left on base; Dayton 0 - Augusta 1
TOP OF THE 7TH
Dayton Dragons batting - Pitching for Augusta GreenJackets : LHP Bobby Storey
Batting: SHB Jaivata Mohanty 0-0: Ball
1-0: Ball
2-0: Called Strike
2-1: Ball
3-1: Base on Balls
Batting: RHB Alex Juarez 0-0: Fly out, F8 (Flyball, 8RD, EV 101.2 MPH)
Batting: RHB Logan Johnson 0-0: Ball
1-0: Foul Ball, location: 2F
1-1: Swinging Strike
1-2: Ball
2-2: Strikes out swinging
Pinch Hitting: RHB Juan Zamora 0-0: Ball
Jaivata Mohanty is caught stealing 2nd base 2-4
Top of the 7th over - 0 runs, 0 hits, 0 errors, 0 left on base; Dayton 0 - Augusta 1
BOTTOM OF THE 7TH
Augusta GreenJackets batting - Pitching for Dayton Dragons : LHP Haunani Moritiica
Now in LF: Elias Posada
Now in CF: Juan Zamora
Batting: RHB Peter Croston 0-0: Ball
1-0: Ground out 6-3 (Groundball, 6S, EV 69.4 MPH)
Batting: RHB Justin Baldwin 0-0: Called Strike
0-1: Ball
1-1: Called Strike
1-2: Ground out 6-3 (Groundball, 6MS, EV 65.6 MPH)
Batting: RHB Gary Sampson 0-0: Ball
1-0: Ground out U3 (Groundball, 3S, EV 70.6 MPH)
Bottom of the 7th over - 0 runs, 0 hits, 0 errors, 0 left on base; Dayton 0 - Augusta 1
TOP OF THE 8TH
Dayton Dragons batting - Pitching for Augusta GreenJackets : LHP Bobby Storey
Pitching: LHP Robert Soto
Batting: RHB Juan Zamora 0-0: Called Strike
0-1: Ground out 6-3 (Groundball, 56S, EV 82.5 MPH)
Batting: RHB Gabriel Arias 0-0: Ball
1-0: Swinging Strike
1-1: Foul Ball, location: 2F
1-2: Ground out 4-3 (Groundball, 4M, EV 98.1 MPH)
Pinch Hitting: RHB Ben Sutton 0-0: Ball
1-0: Called Strike
1-1: Swinging Strike
1-2: Foul Ball, location: 2F
1-2: Ball
2-2: Ball
3-2: Base on Balls
Batting: RHB John Hopkins 0-0: Foul Ball, location: 2F
0-1: Ball
1-1: Called Strike
1-2: SINGLE (Groundball, 34D, EV 95.0 MPH)
Ben Sutton to second
Runner from 2nd tries for 3rd, SAFE, no throw by RF
Batting: RHB Toki Takeuchi 0-0: Fielders Choice at 2nd, 6-4 (Groundball, 6, EV 98.1 MPH)
Top of the 8th over - 0 runs, 1 hit, 0 errors, 2 left on base; Dayton 0 - Augusta 1
BOTTOM OF THE 8TH
Augusta GreenJackets batting - Pitching for Dayton Dragons : LHP Haunani Moritiica
Now in LF: Toki Takeuchi
Now in RF: Ben Sutton
Batting: LHB Gil Caraveo 0-0: Ball
1-0: Called Strike
1-1: Called Strike
1-2: Ball
2-2: Ball
3-2: Strikes out swinging
Batting: RHB Armando Ramirez 0-0: Ball
1-0: Ball
2-0: Ball
3-0: Base on Balls
Batting: RHB Frank Pena 0-0: Ball
1-0: Called Strike
1-1: Ball
2-1: Called Strike
Armando Ramirez steals 2nd base (no throw)
2-2: SINGLE (Groundball, 6MD, EV 100.0 MPH)
Armando Ramirez to third
Batting: LHB Sam Ogg
Pinch Hitting: RHB Antonio Lara 0-0: Foul Ball, location: 2F
0-1: Called Strike
Frank Pena is caught stealing 2nd base 2-4
0-2: Ball
1-2: Strikes out swinging
Bottom of the 8th over - 0 runs, 1 hit, 0 errors, 1 left on base; Dayton 0 - Augusta 1
TOP OF THE 9TH
Dayton Dragons batting - Pitching for Augusta GreenJackets : LHP Robert Soto
Pitching: RHP Ricky Fo
Now at 1B: Jordan Wallace
Batting: RHB Alex Villagomez 0-0: Ball
1-0: Ball
2-0: Ground out 6-3 (Groundball, 56S, EV 87.5 MPH)
Batting: SHB Jaivata Mohanty 0-0: Ball
1-0: Called Strike
1-1: Ball
2-1: Ball
3-1: Base on Balls
Pinch Hitting: LHB Jeremy Robertson 0-0: Called Strike
0-1: Foul Ball, location: 2F
0-2: Ball
1-2: Foul Ball, location: 2F
1-2: Fly out, F8 (Flyball, 8RD, EV 91.9 MPH)
Batting: RHB Logan Johnson 0-0: Called Strike
0-1: Foul Ball, location: 2F
0-2: Ball
Wild Pitch!
Jaivata Mohanty to second
1-2: Ball
2-2: SINGLE (Groundball, 6D, EV 94.4 MPH)
Jaivata Mohanty to third
Runner from 3rd tries for Home, throw by LF and OUT! 7-2
Top of the 9th over - 0 runs, 1 hit, 0 errors, 1 left on base; Dayton 0 - Augusta 1
Sunday, July 16th , 2023 - OOTP Baseball 24.6 Build 69